 Dungeon Crawl Stone Soup version 0.30-a0-778-g2ef04afb54 (webtiles) character file.

Game seed: 9373740205883246515

60 Newt the Trooper (level 3, 0/30 HPs)
             Began as a Demonspawn Gladiator on Feb 16, 2023.
             Slain by an adder (3 damage)
             ... on level 2 of the Dungeon.
             The game lasted 00:01:43 (1802 turns).

Newt the Trooper (Demonspawn Gladiator)             Turns: 1802, Time: 00:01:44

Health: 0/30       AC:  3    Str: 16    XL:     3   Next: 82%
Magic:  3/3        EV: 12    Int:  9    God:
Gold:   92         SH:  5    Dex: 14    Spells: 2/2 levels left

rFire   . . .      SeeInvis .    a - +0 rapier
rCold   . . .      Faith    .    (no shield)
rNeg    . . .      Spirit   .    b - +0 leather armour
rPois   .          Reflect  +    (helmet restricted)
rElec   .          Harm     .    g - scarf {shadows}
rCorr   .          Rampage  .    (no gloves)
Will    .....                    (no boots)
Stlth   +                        m - amulet of reflection
HPRegen 0.25/turn                (no ring)
MPRegen 0.08/turn                (no ring)

@: lethally poisoned (0 -> -2)
A: antennae 1, demonic guardian 1
a: no special abilities


You were on level 2 of the Dungeon.
You visited 1 branch of the dungeon, and saw 2 of its levels.

You collected 92 gold pieces.

Inventory:

Hand Weapons
 a - a +0 rapier (weapon)
Missiles
 d - 2 throwing nets (quivered)
 e - a javelin
Armour
 b - a +0 leather armour (worn)
 c - a +0 helmet
 g - a scarf of shadows (worn)
Jewellery
 j - a ring of flight
 m - an amulet of reflection (around neck)
Scrolls
 l - a scroll of teleportation
 n - a scroll of enchant weapon
 o - a scroll of magic mapping {unknown}
Potions
 f - a potion of flight
 h - a potion of cancellation
 i - a potion of curing
 k - a potion of invisibility


   Skills:
 - Level 4.0 Fighting
 - Level 2.6 Short Blades
 - Level 1.7 Throwing
 - Level 2.6 Dodging
 * Level 1.1 Stealth


You had 2 spell levels left.
You didn't know any spells.
Your spell library contained the following spells:

 Spells                   Type           Power      Damage    Failure   Level
 Necrotise                Necr           0%         1d4       45%         1
 Vampiric Draining        Necr           0%         2d6       83%         3
 Agony                    Necr           0%         N/A       100%        5


Dungeon Overview and Level Annotations

Branches:
Dungeon (2/15)

Altars:


Innate Abilities, Weirdness & Mutations

You have a pair of small antennae on your head.
A weak demonic guardian rushes to your aid.


Message History

* * * LOW HITPOINT WARNING * * *
You are lethally poisoned!
The adder poisons you!
* * * LOW HITPOINT WARNING * * *
You feel sick.
* * * LOW HITPOINT WARNING * * *
You feel sick.
You feel better. You block the adder's attack.
Okay, then.
You closely miss the adder.
The adder is severely wounded.
You block the adder's attack. The adder barely misses you.
The adder bites you but does no damage.
You closely miss the adder.
The adder is severely wounded.
You block the adder's attack. The adder barely misses you.
You miss the adder.
The adder is severely wounded.
The adder bites you.
* * * LOW HITPOINT WARNING * * *
You are poisoned.
The adder poisons you! The adder bites you but does no damage.
You block the adder's attack. The adder bites you.
* * * LOW HITPOINT WARNING * * *
You miss the adder.
The adder is severely wounded.
* * * LOW HITPOINT WARNING * * *
You feel sick. The adder completely misses you.
The adder bites you but does no damage.
You hit the adder.
The adder is almost dead.
You feel sick. You block the adder's attack.
The adder bites you but does no damage. The adder barely misses you.
You block the adder's attack.
You closely miss the adder.
The adder is almost dead.
You feel sick. The adder bites you.
* * * LOW HITPOINT WARNING * * *
A demonic guardian appears!
The adder bites you.
You die...

.........#####..# #).†.......
#.#....#........### #..######..
.........##.......# #..#
###.#....##.##.##.# #..######.
..#...##.##.##.##.####.........
#.#.#.##.##.##...........######
#.......................##
#.#.#.......####..####.##
#.#..###.##...5S@.# #.# #.#.##
#.#######S## #.# ....# #.#
#...# #.# #.#.# #.# ##..# #..
#...# #.# ##.#####. #..#####.#
#....# #........# #.../?..# #.#
#..####### #....#### #.# ...#
#.#.## #.#


You could see 2 adders and a friendly iron imp (summoned).

Vanquished Creatures
  2 gnolls
  5 ball pythons
  5 giant cockroaches (D:1)
  5 goblins
  3 hobgoblins
  A kobold (D:1)
  2 bats
  4 rats
27 creatures vanquished.

Vanquished Creatures (collateral kills)
  A gnoll (D:2)
  A giant cockroach (D:1)
  A kobold (D:2)
3 creatures vanquished.

Grand Total: 30 creatures vanquished

Notes
Turn   | Place    | Note
-------+----------+-------------------------------------------
     0 | D:1      | Newt the Demonspawn Gladiator began the quest for the Orb.
     0 | D:1      | Reached XP level 1. HP: 16/16 MP: 1/1
    63 | D:1      | You fall into a shaft and drop 1 floor!
   320 | D:1      | Gained mutation: A weak demonic guardian rushes to your
                  | aid. [demonic ancestry]
   320 | D:1      | Reached XP level 2. HP: 23/23 MP: 2/2
   542 | D:1      | Reached skill level 3 in Fighting
  1084 | D:2      | Gained mutation: You have a pair of small antennae on your
                  | head. [demonic ancestry]
  1084 | D:2      | Reached XP level 3. HP: 15/30 MP: 3/3
  1390 | D:2      | Reached skill level 4 in Fighting
  1555 | D:2      | Reached skill level 1 in Stealth
  1669 | D:2      | Found a faded altar of an unknown god.
  1802 | D:2      | Slain by an adder

Illustrated notes

Levels and vault maps discovered:
D:1:      erik_arrival_blinker_ship, layout_basic, minmay_worlds_worst_comb
D:2:      layout_loops_ring, hellmonk_ecumenical_altar_blasted

Skill      XL: |  1  2  3 |
---------------+----------+-----
Fighting       | 3 4 |  4.0
Stealth        | 1 |  1.1
Short Blades   | |  2.6
Throwing       | |  1.7
Dodging        | |  2.6

Action                     || total
---------------------------++-------
  Melee: Rapier            ||   109
         Punch             ||     3
  Throw: Throwing net      ||     2
         Javelin           ||     1
    Use: Scroll            ||     5
         Potion            ||     2
 Armour: Leather armour    ||    28
  Dodge: Dodged            ||    75
  Block: Other             ||    13

Table legend: (Time is in decaauts)
 A = Elapsed time spent in this place.
 B = Non-inter-level travel time spent in this place.
 C = Inter-level travel time spent in this place.
 D = Time resting spent in this place.
 E = Time spent auto-exploring this place.
 F = Levels seen in this place.
 G = Mean time per level.
                   A        B        C        D        E       F      G
               +--------+--------+--------+--------+--------+-----+--------+
         Total |   1810 |   1794 |     16 |    287 |   1253 |   2 |  905.0 |
       Dungeon |   1810 |   1794 |     16 |    287 |   1253 |   2 |  905.0 |
               +--------+--------+--------+--------+--------+-----+--------+

Top non-repeatable levels by time:
     D:1: 1166 daAuts
     D:2: 644 daAuts
